 Dungeon Crawl Stone Soup version 0.24.0-2-g5b39cebb1c (webtiles) character file.

Game seed: 2994030273556129559, levelgen mode: deterministic

92 Lanoc the Slasher (level 4, -1/24 HPs)
             Began as a Vine Stalker Chaos Knight on Oct 30, 2019.
             Was a Plaything of Xom.
             Slain by an adder (3 damage)
             ... on level 3 of the Dungeon.
             The game lasted 00:02:22 (827 turns).

Lanoc the Slasher (Vine Stalker Chaos Knight)        Turns: 827, Time: 00:02:23

Health: -1/24      AC:  5    Str: 14    XL:     4   Next: 60%
Magic:  0/5        EV: 11    Int: 12    God:    Xom [...*..]
Gold:   127        SH:  0    Dex: 15    Spells: 3/3 levels left

rFire    . . .     SeeInvis .   a - +0 falchion (chaos)
rCold    . . .     Gourm    .   (no shield)
rNeg     . . .     Faith    .   b - +2 leather armour
rPois    .         Spirit   +   (no helmet)
rElec    .         Reflect  .   (no cloak)
rCorr    .         Harm     .   (no gloves)
MR       .....                  (no boots)
Stlth    +.........             (no amulet)
HPRegen  0.48/turn              (no ring)
MPRegen  0.09/turn              (no ring)

@: lethally poisoned (-1 -> -1), drained
A: fangs 2, regeneration 1, magic shield, antimagic bite, no potion heal 3, rot
immunity
a: Renounce Religion


You were on level 3 of the Dungeon.
You worshipped Xom.
You were a favourite toy of Xom.
You were not hungry.

You visited 1 branch of the dungeon, and saw 3 of its levels.

You collected 127 gold pieces.

Inventory:

Hand Weapons
 a - a +0 falchion of chaos (weapon)
Armour
 b - a +2 leather armour (worn)
Wands
 f - a wand of digging (2)
 k - a wand of random effects (10)
Scrolls
 e - a scroll of immolation {unknown}
 g - a scroll of enchant armour {unknown}
Potions
 h - a potion of heal wounds {unknown}
 i - a potion of haste {unknown}
 j - a potion of lignification {unknown}
Comestibles
 c - 5 rations


   Skills:
 + Level 3.2(2.0) Fighting
 * Level 3.6(2.5) Long Blades
 + Level 2.2(1.1) Armour
 + Level 1.6(0.5) Dodging


You had 3 spell levels left.
You didn't know any spells.
Your spell library was empty.

Dungeon Overview and Level Annotations

Branches:
Dungeon (3/15)

Altars:
Qazlal
Trog
Xom

Annotations:
D:3 Grinder, Sigmund


Innate Abilities, Weirdness & Mutations

You have extremely sharp teeth.
Your natural rate of healing is unusually fast.
When hurt, damage is shared between your health and your magic reserves.
Your bite disrupts and absorbs the magic of your enemies.
Potions cannot restore your health.
You are immune to rotting.


Message History

"Serve the toy, my child!"
The adder barely misses you. Grinder hits you!
* * * LOW HITPOINT WARNING * * *
The adder bites you.
* * * LOW HITPOINT WARNING * * *
You are poisoned.
The adder poisons you!
You feel sick.
Grinder says, "You look like you could use a good racking."
You slash the adder!
The adder flickers and vanishes!
Something barely misses you.
The frilled lizard misses something.
Grinder falters for a moment.
Something bites you but does no damage. Something hits you.
* * * LOW HITPOINT WARNING * * *
Okay, then.
Unknown command.
You feel sick. Something bites you.
You die...
Xom titters!

#.........#
#......... #.###
....... #....
#.#l###### #####
#.{......# #####
#.#.####.. .....
#5#5# #..# ###..
#.#.. #..# #.#
#@#### #..# #.#
#.####.#..# #.#
#......#..# #.#
#..#####..#### #.#
#(.........>.# #.#
#.........##.###.)
##.######.#.......
#.# #>........ #.#
###..####.


You could see Grinder.

Vanquished Creatures
  Jessica (D:3)
  2 adders (D:3)
  A dart slug (D:1)
  3 leopard geckos
  An orc (D:3)
  2 hobgoblins
  14 jackals (D:2)
  3 bats
  3 frilled lizards
  5 goblins
  A kobold (D:3)
  6 rats
42 creatures vanquished.

Vanquished Creatures (collateral kills)
  A leopard gecko (D:3)
  A bat (D:1)
2 creatures vanquished.

Grand Total: 44 creatures vanquished

Notes
Turn   | Place    | Note
-------+----------+-------------------------------------------
     0 | D:1      | Lanoc the Vine Stalker Chaos Knight began the quest for the
                  | Orb.
     0 | D:1      | Reached XP level 1. HP: 11/11 MP: 2/2
     7 | D:1      | XOM: potion effect (haste)
    15 | D:1      | XOM: butterfly on damage
    33 | D:1      | Reached skill level 1 in Dodging
    33 | D:1      | Reached XP level 2. HP: 9/16 MP: 3/3
   144 | D:2      | XOM: potion effect (might)
   155 | D:2      | Reached XP level 3. HP: 10/19 MP: 2/4
   305 | D:2      | Found a stormy altar of Qazlal.
   369 | D:2      | Found a bloodstained altar of Trog.
   422 | D:3      | XOM: summons 3 friendly demons
   424 | D:3      | XOM: polymorph ufetubus -> white imp
   527 | D:3      | XOM: cast spell 'Summon Ice Beast'
   532 | D:3      | Gained mutation: Your natural rate of healing is unusually
                  | fast. [Vine Stalker growth]
   532 | D:3      | Reached XP level 4. HP: 14/24 MP: 3/5
   534 | D:3      | XOM: scenery: create altars
   652 | D:3      | Noticed Jessica
   664 | D:3      | Killed Jessica
   752 | D:3      | XOM: cast spell 'Ring of Flames'
   770 | D:3      | XOM: draining
   816 | D:3      | Noticed Grinder
   818 | D:3      | Noticed Sigmund
   822 | D:3      | XOM: summons friendly ufetubus
   826 | D:3      | HP: 1/24 [poisoned by an adder]
   827 | D:3      | Slain by an adder

Levels and vault maps discovered:
D:1:      lemuel_arrival_room, layout_rooms, minmay_fountain_box
D:2:      layout_basic, lemuel_coloured_pillars_altar, grunt_qazlal_sundering
D:3:      layout_loops_ring, uniq_ijyb, uniq_jessica, uniq_sigmund, uniq_grinder

Skill      XL: |  1  2  3 |
---------------+----------+-----
Dodging        | 1 |  1.6
Long Blades    | 3 |  3.6
Armour         | 2 |  2.2
Fighting       | 3 |  3.2

Action                   |  1- 3 |  4- 6 || total
-------------------------+-------+-------++-------
Melee: Falchion          |    86 |    20 ||   106
       Bite              |    21 |    10 ||    31
  Use: Potion            |     1 |       ||     1
 Stab: Sleeping          |       |     1 ||     1
Armor: Leather armour    |    44 |     5 ||    49
Dodge: Dodged            |    61 |    16 ||    77
       Rpst.: Falchion   |    21 |     5 ||    26
